 Dungeon Crawl Stone Soup version 0.26-a0-1033-gd598b01645 (webtiles) character file.

Game seed: 13044888654377984349

1320 Morbidden the Conjurer (level 8, -2/61 HPs)
             Began as a Demonspawn Conjurer on Dec 10, 2020.
             Was a Believer of Cheibriados.
             Slain by an orc warrior
             ... wielding a +0 halberd
              (3 damage)
             ... on level 6 of the Dungeon.
             The game lasted 00:10:48 (8519 turns).

Morbidden the Conjurer (Demonspawn Conjurer)        Turns: 8519, Time: 00:10:49

Health: -2/61      AC: 15    Str: 17    XL:     8   Next: 33%
Magic:  0/16       EV: 14    Int: 28    God:    Cheibriados [**....]
Gold:   233        SH:  0    Dex: 18    Spells: 11/18 levels left

rFire    . . .     SeeInvis .   x - +10 whip "Orb Guardian's Peril" {protect, rC+ rN+ Str+4}
rCold    + . .     Faith    .   (no shield)
rNeg     + + .     Spirit   +   a - +0 robe
rPois    .         Reflect  .   (no helmet)
rElec    .         Harm     .   (no cloak)
rCorr    .         Rampage  .   h - +0 pair of gloves
Will     .....                  (no boots)
Stlth    ++........             j - amulet of guardian spirit
HPRegen  0.20/turn              k - ring of positive energy
MPRegen  0.15/turn              z - +4 ring of protection

@: mighty, protection aura, attractive, very slow
A: rugged brown scales 1, powered by pain 1, rot immunity
a: Bend Time, Renounce Religion


You were on level 6 of the Dungeon.
You worshipped Cheibriados.
Cheibriados was pleased with you.
You visited 1 branch of the dungeon, and saw 7 of its levels.
You also visited: Sewer.

You collected 233 gold pieces.

Inventory:

Hand Weapons
 n - a +2 dagger of venom
 p - a +2 short sword of venom
 x - the +10 whip "Orb Guardian's Peril" (weapon) {protect, rC+ rN+ Str+4}
   (You found it on level 5 of the Dungeon)

   It grants its wielder temporary protection when it strikes (+7 to AC).
   It affects your strength (+4).
   It protects you from cold.
   It protects you from negative energy.
Armour
 a - a +0 robe (worn)
 h - a +0 pair of gloves (worn)
Jewellery
 j - an amulet of guardian spirit (around neck)
 k - a ring of positive energy (left hand)
 s - an uncursed amulet of magic regeneration
 z - a +4 ring of protection (right hand)
Scrolls
 b - 3 scrolls of identify
 m - 2 scrolls of teleportation
 o - a scroll of magic mapping {unknown}
 q - a scroll of remove curse
 t - 3 scrolls of blinking {unknown}
 u - a scroll of fog {unknown}
 w - a scroll of fear {unknown}
 y - a scroll of random uselessness {unknown}
Potions
 c - a potion of brilliance {unknown}
 d - 2 potions of haste
 e - a potion of attraction
 f - 2 potions of lignification {unknown}
 g - 2 potions of heal wounds {unknown}
 i - 2 potions of ambrosia {unknown}
 l - a potion of magic {unknown}
 r - 2 potions of might {unknown}
 v - a potion of curing {unknown}


   Skills:
 * Level 3.7 Fighting
 + Level 0.4 Short Blades
 + Level 0.3 Maces & Flails
 * Level 3.6 Dodging
 + Level 2.6 Stealth
 + Level 0.2 Unarmed Combat
 * Level 5.7 Spellcasting
 * Level 7.0 Conjurations


You had 11 spell levels left.
You knew the following spells:

 Your Spells              Type           Power        Failure   Level
a - Magic Dart            Conj           ####         1%          1
b - Searing Ray           Conj           #####.       1%          2
c - Iskenderun's Mystic   Conj/Tloc      ####....     14%         4

Your spell library contained the following spells:

 Spells                   Type           Power        Failure   Level
 Conjure Flame            Conj/Fire      ####....     4%          3
 Dazzling Flash           Conj/Hex       ####..       4%          3
 Mephitic Cloud           Conj/Pois/Air  ###.....     7%          3
 Poisonous Vapours        Pois/Air       #.....       10%         2
 Fulminant Prism          Conj/Hex       ####......   14%         4
 Confusing Touch          Hex            #.......     19%         3
 Gell's Gravitas          Tloc           #.........   19%         3
 Petrify                  Tmut/Erth      #.......     52%         4
 Metabolic Englaciation   Hex/Ice        #.........   86%         5
 Yara's Violent Unravell  Hex/Tmut       #.........   86%         5
 Freezing Cloud           Conj/Ice/Air   ###.......   98%         6


Dungeon Overview and Level Annotations

Branches:
Dungeon (7/15)             Temple (0/1) D:4           Sewer (visited)

Altars:
Ashenzari
Cheibriados
Makhleb
Okawaru
Qazlal
Ru

Shops:
D:7 [}[


Innate Abilities, Weirdness & Mutations

You are partially covered in rugged brown scales. (AC +1, +3% HP)
You sometimes gain a little power by taking damage.
You are immune to rotting.


Message History

* * * LOW HITPOINT WARNING * * *
Unknown command.
Unknown command.
Unknown command.
Unknown command.
It was a potion of attraction.
You feel attractive to monsters.
The orc warrior hits you from afar with a +0 halberd!!
* * * LOW HITPOINT WARNING * * *
You focus on the pain.
You feel very mighty all of a sudden. The orc warrior is pulled toward you!
Unknown command.
Unknown command.
Okay, then.
You hit the orc warrior.
Your weapon exudes an aura of protection.
The orc warrior is almost dead.
The orc warrior hits you with a +0 halberd.
You die...

##########
#....@o))#
#.######.#
#.# # #.#
#. ##.#.#
#. #..#.#
#. #.#.#.##
#.####.#
#...#######
##.....#
##.........


You could see an orc warrior.

Vanquished Creatures
  A black bear (D:6)
  2 centaurs (D:7)
  5 big kobolds (Sewer)
  A bullfrog (D:5)
  A scorpion (D:4)
  A jelly (D:7)
  A quasit (D:7)
  A bullfrog skeleton (D:4)
  3 orc priests
  A hound (D:7)
  2 orc wizards
  A worker ant (D:4)
  A worker ant zombie (D:7)
  4 river rats
  13 adders
  An ufetubus (D:6)
  4 oozes
  7 worms
  3 dart slugs
  5 leopard geckos
  14 orcs
  7 ball pythons
  3 giant cockroaches
  5 goblins
  8 hobgoblins
  4 jackals (D:1)
  2 quokkas
  9 bats
  2 frilled lizards
  11 kobolds
  A quokka skeleton (D:4)
  14 rats
138 creatures vanquished.

Notes
Turn   | Place    | Note
-------+----------+-------------------------------------------
     0 | D:1      | Morbidden the Demonspawn Conjurer began the quest for the
                  | Orb.
     0 | D:1      | Reached XP level 1. HP: 13/13 MP: 3/3
   393 | D:1      | Gained mutation: You are immune to rotting. [demonic
                  | ancestry]
   393 | D:1      | Reached XP level 2. HP: 20/20 MP: 0/5
   821 | D:1      | Learned a level 2 spell: Searing Ray
  1015 | D:1      | Reached XP level 3. HP: 22/25 MP: 0/6
  2176 | D:2      | Reached skill level 1 in Fighting
  2362 | D:2      | Found a sacrificial altar of Ru.
  2368 | D:2      | Reached XP level 4. HP: 28/32 MP: 1/8
  2830 | D:2      | Found a snail-covered altar of Cheibriados.
  2854 | D:2      | Became a worshipper of Cheibriados the Contemplative
  3697 | D:3      | Gained mutation: You sometimes gain a little power by
                  | taking damage. [demonic ancestry]
  3697 | D:3      | Reached XP level 5. HP: 37/37 MP: 6/10
  3732 | D:3      | Reached skill level 5 in Conjurations
  3932 | D:3      | Found a glowing drain.
  3940 | Sewer    | Entered a sewer
  4620 | Sewer    | Reached * piety under Cheibriados
  4748 | Sewer    | Reached XP level 6. HP: 33/44 MP: 1/12
  5344 | Sewer    | Reached skill level 6 in Conjurations
  5344 | Sewer    | Gained mutation: You are partially covered in rugged brown
                  | scales. (AC +1, +3% HP) [demonic ancestry]
  5344 | Sewer    | Reached XP level 7. HP: 46/52 MP: 0/13
  5804 | D:3      | Learned a level 4 spell: Iskenderun's Mystic Blast
  6224 | D:4      | Found a stormy altar of Qazlal.
  6456 | D:4      | Found an iron altar of Okawaru.
  6778 | D:4      | Found a staircase to the Ecumenical Temple.
  6849 | D:4      | You fall into a shaft and drop 1 floor!
  6849 | D:5      | Entered Level 5 of the Dungeon
  6870 | D:5      | Reached ** piety under Cheibriados
  6877 | D:5      | Reached skill level 5 in Spellcasting
  7048 | D:5      | Found a broken altar of Ashenzari.
  7368 | D:5      | Got a fading whip
  7369 | D:5      | Identified the +10 whip "Orb Guardian's Peril" {protect,
                  | rC+ rN+ Str+4} (You found it on level 5 of the Dungeon)
  7609 | D:4      | You fall into a shaft and drop 3 floors!
  7707 | D:7      | Found a broken altar of Ashenzari.
  7732 | D:7      | Found a burning altar of Makhleb.
  7738 | D:7      | Reached XP level 8. HP: 44/59 MP: 12/16
  7909 | D:7      | Found Adaimuhus's Armour Shop.
  7980 | D:7      | Found Vit Lach's Armour Emporium.
  8062 | D:7      | Found Nirum's Gadget Shop.
  8218 | D:7      | Noticed a cyan ugly thing
  8517 | D:6      | Reached skill level 7 in Conjurations
  8518 | D:6      | HP: 1/61 [orc warrior/+0 halberd (17)]
  8519 | D:6      | Slain by an orc warrior

Illustrated notes

Levels and vault maps discovered:
D:1:      evilmike_arrival_hilbert_curve, layout_basic
D:2:      layout_basic, cheibriados_altar_1,
          nicolae_ru_great_annihilating_truth, hangedman_abyss_or_decor_stabs
D:3:      layout_loops_cross, portal_sewer_entry_b, lemuel_flame_loot_1
D:4:      layout_loops_cross, lemuel_coloured_pillars_altar, lemuel_round_altar,
          minmay_temple_entry_overgrown, chequers_serial_rivers_micro_b,
          grunt_qazlal_sundering
D:5:      layout_basic, nicolae_overflow_crystal_walls, minmay_misc_feat_doors
D:6:      layout_loops_ring, dancing_weapons_uskayaw, lemuel_doored_altar,
          uniq_blork_the_orc
D:7:      layout_loops_ring, lemuel_crystal_altar, basic_altar, serial_shops,
          shop, shop, shop

Skill      XL: |  1  2  3  4  5  6  7  8 |
---------------+-------------------------+-----
Dodging        | 2 3 |  3.6
Fighting       | 1 2 3 |  3.7
Spellcasting   | 3 4 5 |  5.7
Conjurations   | 5 6 7 |  7.0
Stealth        | 2 |  2.6
Short Blades   | |  0.4
Maces & Flails | |  0.3
Unarmed Combat | |  0.2

Action                   |  1- 3 |  4- 6 |  7- 9 || total
-------------------------+-------+-------+-------++-------
Melee: Unarmed           |    31 |    11 |       ||    42
       Dagger            |       |     6 |       ||     6
       Short sword       |       |       |    23 ||    23
       Whip              |       |       |    33 ||    33
 Cast: Magic Dart        |    60 |    97 |    57 ||   214
       Searing Ray       |     2 |    19 |    14 ||    35
       Iskenderun's Myst |       |       |     1 ||     1
  Use: Scroll            |       |     4 |     3 ||     7
       Potion            |       |       |     2 ||     2
Armor: Robe              |     7 |    12 |    31 ||    50
Dodge: Dodged            |    36 |    29 |    84 ||   149

Table legend: (Time is in decaauts)
 A = Elapsed time spent in this place.
 B = Non-inter-level travel time spent in this place.
 C = Inter-level travel time spent in this place.
 D = Time resting spent in this place.
 E = Time spent auto-exploring this place.
 F = Levels seen in this place.
 G = Mean time per level.
                   A        B        C        D        E       F      G
               +--------+--------+--------+--------+--------+-----+--------+
         Total |   9865 |   9690 |    175 |   1441 |   7003 |   8 | 1233.1 |
       Dungeon |   7972 |   7797 |    175 |    955 |   5832 |   7 | 1138.9 |
         Sewer |   1893 |   1893 |      0 |    486 |   1171 |   1 | 1893.0 |
               +--------+--------+--------+--------+--------+-----+--------+

Top non-repeatable levels by time:
     D:2: 1918 daAuts
   Sewer: 1893 daAuts
     D:1: 1792 daAuts
     D:3: 1386 daAuts
     D:5: 935 daAuts
     D:7: 839 daAuts
     D:4: 816 daAuts
     D:6: 283 daAuts
